 Dungeon Crawl Stone Soup version 0.20-a0-984-ge8aa303 (webtiles) character file.

127 nikopol the Firebug (level 5, -5/40 HPs)
             Began as a Hill Orc Fire Elementalist on Apr 10, 2017.
             Slain by an orc wizard
             ... wielding a +0 trident
              (6 damage)
             ... on level 3 of the Dungeon.
             The game lasted 00:13:19 (2364 turns).

nikopol the Firebug (Hill Orc Fire Elementalist)    Turns: 2364, Time: 00:13:21

Health: -5/40      AC:  2    Str: 11    XL:     5   Next: 11%
Magic:  0/8        EV: 12    Int: 16    God:
Gold:   157        SH:  0    Dex: 11    Spells: 4/8 levels left

rFire    . . .     SeeInvis .   e - +0 short sword
rCold    . . .     Gourm    .   (no shield)
rNeg     . . .     Faith    .   a - +0 robe
rPois    .         Spirit   .   (no helmet)
rElec    .         Reflect  .   (no cloak)
rCorr    .         Harm     .   (no gloves)
MR       .....                  (no boots)
Stlth    ++........             (no amulet)
Regen    0.2/turn               (no ring)
MPRegen  0.2/turn               (no ring)

@: no status effects
A: no striking features
a: no special abilities


You were on level 3 of the Dungeon.
You were not hungry.

You visited 1 branch of the dungeon, and saw 3 of its levels.

You collected 157 gold pieces.

Inventory:

Hand Weapons
 d - a +0 dagger
 e - a +0 short sword (weapon)
Armour
 a - a +0 robe (worn)
 g - a +1 leather armour of cold resistance
 l - a +0 leather armour
Scrolls
 i - a scroll of magic mapping {unknown}
 j - a scroll of teleportation {unknown}
 k - 3 scrolls of identify {unknown}
 o - a scroll of remove curse {unknown}
 p - 2 scrolls of noise {unknown}
 q - a scroll of blinking {unknown}
Potions
 f - a potion of heal wounds {unknown}
 m - 3 potions of curing {unknown}
Books
 b - a book of Flames

   Spells                             Type                      Level
   a - Flame Tongue                   Conjuration/Fire             1
   b - Throw Flame                    Conjuration/Fire             2
   c - Conjure Flame                  Conjuration/Fire             3
   d - Inner Flame                    Hexes/Fire                   3
   e - Sticky Flame                   Conjuration/Fire             4
   f - Fireball                       Conjuration/Fire             5
Comestibles
 c - 3 bread rations
 h - a meat ration
 n - 3 chunks of flesh


   Skills:
 + Level 1.2 Fighting
 + Level 1.4 Armour
 + Level 2.2 Dodging
 - Level 1.8 Stealth
 + Level 2.2 Spellcasting
 + Level 2.0 Conjurations
 + Level 4.0 Fire Magic


You had 4 spell levels left.
You knew the following spells:

 Your Spells              Type           Power        Failure   Level  Hunger
a - Flame Tongue          Conj/Fire      ##...        8%          1    #......
b - Conjure Flame         Conj/Fire      ##......     17%         3    ###....


Dungeon Overview and Level Annotations

Branches:
Dungeon (3/15)

Altars:


Message History

The magic dart hits you!
* * * LOW HITPOINT WARNING * * *
Casting: Flame Tongue
Confirm with . or Enter, or press ? or * to list all spells.
Aiming: Flame Tongue
Press: ? - help, Shift-Dir - straight line, f/p - orc wizard
Aim: an orc wizard, wielding a trident and wearing a robe (moderately wounded, fast)
The flame tongue hits the orc wizard.
The orc wizard is moderately wounded.
The orc wizard hits you with a trident.
* * * LOW HITPOINT WARNING * * *
The orc wizard closely misses you.
You closely miss the orc wizard.
The orc wizard is moderately wounded.
The orc wizard hits you with a trident.
* * * LOW HITPOINT WARNING * * *
You hit the orc wizard but do no damage.
The orc wizard is moderately wounded.
The orc wizard hits you with a trident.
You die...

#.# #..#.......#
##.###.#<......##
.....#.#.##.).o#
#....#.#.....#)###
#............#...#
#............###.#######
#.............##........
#.............##o..[....
#............###@.......
........................
....#...................
.........#.[............
[.......##...####.######
.......##..$## .#
.)###.## ..# .# #.# #.#
.. .# ....... .#


You could see an orc wizard.

Vanquished Creatures
  An orc priest (D:3)
  4 adders
  A dart slug (D:1)
  3 leopard geckos (D:1)
  3 orcs (D:3)
  3 giant cockroaches
  9 goblins
  7 hobgoblins
  4 jackals (D:1)
  A quokka (D:3)
  A ball python (D:3)
  6 bats
  2 frilled lizards
  4 kobolds
  3 rats (D:2)
52 creatures vanquished.

Notes
Turn   | Place    | Note
-------+----------+-------------------------------------------
     0 | D:1      | nikopol the Hill Orc Fire Elementalist began the quest for the Orb.
     0 | D:1      | Reached XP level 1. HP: 14/14 MP: 3/3
   109 | D:1      | Reached XP level 2. HP: 6/20 MP: 1/4
   797 | D:1      | Reached XP level 3. HP: 27/27 MP: 2/5
   890 | D:1      | Reached skill level 1 in Fighting
   959 | D:1      | Learned a level 3 spell: Conjure Flame
  1584 | D:2      | Reached XP level 4. HP: 35/35 MP: 6/6
  1753 | D:2      | Found a faded altar of an unknown god.
  1953 | D:3      | Reached skill level 1 in Armour
  2343 | D:3      | Reached skill level 4 in Fire Magic
  2343 | D:3      | Reached XP level 5. HP: 34/40 MP: 3/8
  2363 | D:3      | HP: 1/40 [orc wizard/trident (5)]
  2364 | D:3      | Slain by an orc wizard

Vault maps used:
D:1:      eino_arrival_water_cross
D:2:      chequers_ecumenical_altar_grove

Skill      XL: |  1  2  3  4 |
---------------+-------------+-----
Fighting       | 1 |  1.2
Dodging        | 2 |  2.2
Spellcasting   | 2 |  2.2
Armour         | 1 |  1.4
Conjurations   | 2 |  2.0
Fire Magic     | 4 |  4.0
Stealth        | |  1.8

Action                   |  1- 3 |  4- 6 || total
-------------------------+-------+-------++-------
Melee: Dagger            |     6 |       ||     6
       Short sword       |    22 |    21 ||    43
 Cast: Flame Tongue      |    50 |    35 ||    85
 Stab: Sleeping          |     2 |     1 ||     3
  Eat: Chunk             |     3 |     3 ||     6
Armor: Robe              |    10 |     5 ||    15
Dodge: Dodged            |    29 |    34 ||    63
